 Dungeon Crawl Stone Soup version 0.30.1 (webtiles) character file.

Game seed: 13446576081483803680

149 Peloso the Covered (level 5, -16/47 HPs)
             Began as a Minotaur Fighter on July 2, 2023.
             Killed from afar by a steam dragon (17 damage)
             ... with a ball of steam
             ... on level 4 of the Dungeon.
             The game lasted 00:05:27 (2785 turns).

Peloso the Covered (Minotaur Fighter)               Turns: 2785, Time: 00:05:29

Health: -16/47     AC: 10    Str: 21    XL:     5   Next: 9%
Magic:  3/3        EV:  8    Int:  5    God:
Gold:   247        SH:  5    Dex: 11    Spells: 4/4 levels left

rFire   . . .        a - +0 long sword
rCold   . . .        d - +0 buckler
rNeg    . . .        c - +0 chain mail
rPois   .            (helmet restricted)
rElec   .            k - +0 cloak
rCorr   .            (no gloves)
SInv    +            (no boots)
Will    .....        (no amulet) Stlth
                     (no ring)
HPRegen 0.27/turn    (no ring)
MPRegen 0.08/turn

%: random rage (3%)
@: no status effects
A: horns 2, retaliatory headbutt, see invisible, berserk 1, low MP 1
a: no special abilities


You were on level 4 of the Dungeon.
You visited 1 branch of the dungeon, and saw 4 of its levels.

You collected 247 gold pieces.

Inventory:

Hand Weapons
 a - a +0 long sword (weapon)
Armour
 c - a +0 chain mail (worn)
 d - a +0 buckler (worn)
 k - a +0 cloak (worn)
Magical Staves
 b - a staff of fire
Scrolls
 e - a scroll of fear {unknown}
 h - a scroll of identify {unknown}
 i - a scroll of teleportation
 j - 2 scrolls of poison
 l - a scroll of magic mapping {unknown}
 m - a scroll of acquirement {unknown}
Potions
 f - a potion of might
 g - a potion of curing
 n - a potion of ambrosia {unknown}
 p - a potion of attraction {unknown}
 q - a potion of haste {unknown}
 r - a potion of heal wounds {unknown}


   Skills:
 + Level 4.4 Fighting
 + Level 4.0 Long Blades
 + Level 4.8 Armour
 + Level 0.2 Dodging
 + Level 0.1 Stealth
 + Level 4.5 Shields


You had 4 spell levels left.
You didn't know any spells.
Your spell library contained the following spells:

 Spells                   Type           Power      Damage    Failure   Level
 Necrotise                Necr           0%         1d4       99%         1
 Blink                    Tloc           0%         N/A       100%        2
 Lesser Beckoning         Tloc           0%         N/A       100%        2
 Momentum Strike          Conj/Tloc      0%         3d8       100%        2
 Frozen Ramparts          Ice            0%         1d1       100%        3
 Gell's Gravitas          Tloc           0%         N/A       100%        3
 Teleport Other           Tloc           0%         N/A       100%        3
 Vampiric Draining        Necr           0%         2d6       100%        3
 Ice Form                 Ice/Tmut       0%         N/A       100%        4
 Summon Ice Beast         Ice/Summ       0%         N/A       100%        4
 Agony                    Necr           0%         N/A       100%        5
 Summon Forest            Summ/Tloc      0%         N/A       100%        5
 Eringya's Noxious Bog    Tmut/Pois      0%         N/A       100%        6
 Summon Hydra             Summ           0%         N/A       100%        7


Dungeon Overview and Level Annotations

Branches:
Dungeon (4/15)
 Temple: D:4-7

Altars:
The Shining One


Innate Abilities, Weirdness & Mutations

You have a pair of horns on your head.
You reflexively headbutt those who attack you in melee.
You have supernaturally acute eyesight. (SInv)
You sometimes lose your temper in combat.
Your magical capacity is low. (-10% MP)


Message History

a +0 club; 3 stones You block the endoplasm's attack.
You barely miss the endoplasm. You headbutt the endoplasm.
The endoplasm is moderately wounded.
The endoplasm hits you but does no damage.
You hit the endoplasm but do no damage.
The endoplasm is moderately wounded.
The endoplasm hits you but does no damage.
You slash the endoplasm!
You kill the endoplasm!
A steam dragon comes into view.
The steam dragon hisses angrily.
The steam dragon attacks as you move away!
The steam dragon bites you. The steam dragon claws you.
Found a scroll labelled IWUMUU TIEDO.
The steam dragon breathes steam at you. The ball of steam hits you!
You hit the steam dragon. You headbutt the steam dragon.
The steam dragon is moderately wounded.
You are engulfed in a cloud of scalding steam.
The steam dragon barely misses you.
The steam dragon claws you but does no damage.
You closely miss the steam dragon. You headbutt the steam dragon!
The steam dragon is heavily wounded.
You are engulfed in a cloud of scalding steam.
The steam dragon bites you.
The steam dragon claws you but does no damage.
You hit the steam dragon.
The steam dragon is severely wounded.
You are engulfed in a cloud of scalding steam.
The steam dragon bites you.
* * * LOW HITPOINT WARNING * * *
You block the steam dragon's attack.
You closely miss the steam dragon. You headbutt the steam dragon.
The steam dragon is severely wounded.
You are engulfed in a cloud of scalding steam.
* * * LOW HITPOINT WARNING * * *
The steam dragon breathes steam at you. The ball of steam hits you!
You die...

.# .. .. .# .# .# #. .#
(# #. .### .# ##### #.
...##
.###....####.####.#..#
.................ยง...#
......#.........@.#
..##..#.#......D#.# #.#
#.#.#.#...#.#?# #.#
#.#.#.#.#.#.#.# #.#
#.#.#.#.#.#.#.#
#.###.#.#^#...#.#.#
......#.#.......#.#
#...).#...........#
###.#......###......#


You could see a steam dragon (catching breath).

Vanquished Creatures
  4 adders
  5 worms
  8 orcs
  4 endoplasms
  5 giant cockroaches
  8 goblins
  6 hobgoblins
  2 jackals (D:2)
  6 quokkas
  8 ball pythons
  7 bats
  7 frilled lizards
  13 kobolds
  6 rats
89 creatures vanquished.

Notes
Turn   | Place    | Note
-------+----------+-------------------------------------------
     0 | D:1      | Peloso the Minotaur Fighter began the quest for the Orb.
     0 | D:1      | Reached XP level 1. HP: 19/19 MP: 0/0
   146 | D:1      | Reached XP level 2. HP: 21/27 MP: 1/1
   895 | D:2      | Reached XP level 3. HP: 31/33 MP: 2/2
  1137 | D:2      | Reached XP level 4. HP: 37/40 MP: 3/3
  2401 | D:3      | Reached XP level 5. HP: 45/47 MP: 4/4
  2633 | D:3      | Found a glowing golden altar of the Shining One.
  2725 | D:3      | Gained mutation: You sometimes lose your temper in combat.
                  | [potion of mutation]
  2725 | D:3      | Gained mutation: You have a pair of large horns on your
                  | head. [potion of mutation]
  2725 | D:3      | Gained mutation: You expend magic power (3 MP) to
                  | strengthen your wands. [potion of mutation]
  2726 | D:3      | Lost mutation: You have a pair of large horns on your head.
                  | [potion of mutation]
  2726 | D:3      | Lost mutation: You expend magic power (3 MP) to strengthen
                  | your wands. [potion of mutation]
  2726 | D:3      | Gained mutation: Your magical capacity is low. (-10% MP)
                  | [potion of mutation]
  2726 | D:3      | Gained mutation: You have supernaturally acute eyesight.
                  | (SInv) [potion of mutation]
  2779 | D:4      | Noticed a steam dragon
  2785 | D:4      | HP: 1/47 [steam dragon] (13)]
  2785 | D:4      | Killed from afar by a steam dragon

Illustrated notes

Levels and vault maps discovered:
D:1:      wander_arrival_abandoned_jail, layout_basic,
          amcnicky_mini_corridor_feature
D:2:      layout_loops_ring, guppyfry_early_orc_mine
D:3:      minmay_chambers_of_twos, layout_basic, nicolae_tso_swordbearing_angel,
          minmay_hedge_maze, kennysheep_decorative_pillar,
          kennysheep_generic_room_13
D:4:      layout_loops_ring, lemuel_mausoleum_altar_yredelemnul,
          chequers_temple_overflow_statue_of_worship,
          cheibrodos_sewer_entry_sluice, serial_bayou_pond_c,
          kennysheep_cross_bottleneck, minmay_misc_feat_more_columns,
          item_on_display_a

Skill      XL: |  1  2  3  4  5 |
---------------+----------------+-----
Shields        | 4 |  4.5
Fighting       | 4 |  4.4
Armour         | 4 |  4.8
Long Blades    | 3 4 |  4.0
Dodging        | |  0.2
Stealth        | |  0.1

Action                     |  1- 3 |  4- 6 || total
---------------------------+-------+-------++-------
  Melee: Long sword        |    94 |   132 ||   226
         Headbutt          |     6 |    22 ||    28
    Use: Potion            |     1 |     3 ||     4
         Scroll            |       |     2 ||     2
 Armour: Chain mail        |    55 |    90 ||   145
         Scale mail        |     4 |       ||     4
  Dodge: Dodged            |    48 |    56 ||   104
  Block: Buckler           |    25 |    37 ||    62
